 Dungeon Crawl Stone Soup version 0.27.1-3-gb3d3a73c9e (webtiles) character file.

Game seed: 6042432175558552619

2178 Crownlay the Cleaver (level 9, 0/52 (72) HPs)
             Began as a Formicid Fighter on Oct 17, 2021.
             Was a Believer of Okawaru.
             Slain by Maggie (3 damage)
             ... on level 7 of the Dungeon.
             The game lasted 00:09:53 (7655 turns).

Crownlay the Cleaver (Formicid Fighter)             Turns: 7655, Time: 00:09:53

HP:   0/52 (72)     AC: 16    Str: 25    XL:     9   Next: 58%
MP:   7/9           EV: 12    Int:  7    God:    Okawaru [**....]
Gold: 297           SH:  0    Dex: 10    Spells: 8/8 levels left

rFire    . . .     SeeInvis +   a - +0 war axe
rCold    . . .     Faith    .   (no shield)
rNeg     . . .     Spirit   .   o - +0 plate armour
rPois    .         Reflect  .   (helmet unavailable)
rElec    .         Harm     .   p - +0 cloak {rCorr}
rCorr    +         Rampage  .   q - +0 pair of gloves {Stlth+}
Will     .....                  (no boots)
Stlth    ..........             (no amulet)
HPRegen  0.17/turn              l - +4 ring of evasion
MPRegen  0.11/turn              (no ring)

@: heroic, very heavily drained
A: permanent stasis, dig shafts and tunnels, antennae 3, four strong arms
a: Dig, Shaft Self, Renounce Religion, Heroism


You were on level 7 of the Dungeon.
You worshipped Okawaru.
Okawaru was pleased with you.
You visited 2 branches of the dungeon, and saw 8 of its levels.

You collected 297 gold pieces.

Inventory:

Hand Weapons
 a - a +0 war axe (weapon)
 x - a +2 dire flail of holy wrath
Missiles
 y - 6 boomerangs of dispersal
Armour
 c - a +0 kite shield
 o - a +0 plate armour (worn)
 p - a +0 cloak of preservation (worn)
 q - a +0 pair of gloves of stealth (worn)
Jewellery
 g - a ring of fire
 l - a +4 ring of evasion (left hand)
Wands
 d - a wand of digging (5)
 w - a wand of polymorph (9)
Scrolls
 e - 2 scrolls of vulnerability
 h - 2 scrolls of amnesia
 k - 2 scrolls of blinking
 m - a scroll of magic mapping {unknown}
 r - a scroll of noise
 s - a scroll of torment {unknown}
 t - a scroll of immolation {unknown}
 v - a scroll of enchant armour {unknown}
 z - a scroll of identify
Potions
 b - 3 potions of attraction {unknown}
 f - a potion of curing {unknown}
 i - a potion of lignification {unknown}
 j - 3 potions of flight
 n - 3 potions of degeneration
 u - a potion of cancellation {unknown}


   Skills:
 - Level 7.3(12.3) Fighting
 - Level 8.8(13.8) Axes
 - Level 3.2(8.2) Armour
 + Level 8.1(13.1) Shields
 * Level 1.0 Invocations


You had 8 spell levels left.
You didn't know any spells.
Your spell library contained the following spells:

 Spells                   Type           Power      Damage    Failure   Level
 Corona                   Hex            0%         N/A       99%         1
 Ensorcelled Hibernation  Hex/Ice        0%         N/A       100%        2
 Inner Flame              Hex/Fire       0%         N/A       100%        3
 Tukima's Dance           Hex            0%         N/A       100%        3
 Cause Fear               Hex            0%         N/A       100%        4
 Discord                  Hex            0%         N/A       100%        8


Dungeon Overview and Level Annotations

Branches:
Dungeon (7/15)             Temple (1/1) D:5

Altars:
Dithmenos
Fedhas
Hepliaklqana
Okawaru
Qazlal
Ru
Sif Muna
Uskayaw
Yredelemnul
Zin

Shops:
D:5 (

Annotations:
D:4 1 runed translucent door, othur's ghost, novice GrFi
D:7 Maggie


Innate Abilities, Weirdness & Mutations

You cannot be hasted, slowed, berserked, paralysed or teleported.
You can dig through walls and to a lower floor.
You have a pair of large antennae on your head. (SInv)
Your four strong arms can wield two-handed weapons with a shield.


Message History

Maggie hits you but does no damage.
You feel drained.
You hit Maggie.
Maggie is heavily wounded.
You break out of your daze.
Maggie hits you with a +2 long sword of draining.
You feel drained.
You hit Maggie but do no damage.
Maggie is heavily wounded.
Maggie hits you with a +2 long sword of draining.
You feel drained. Maggie hits you but does no damage.
You feel drained.
You slash Maggie!
Maggie is severely wounded.
Maggie hits you with a +2 long sword of draining!
You feel drained.
You are too injured to fight recklessly!
You are too injured to fight recklessly!
Okay, then.
You gain the combat prowess of a mighty hero.
Maggie gives herself a magical halo, but it quickly sputters out.
Maggie hits you but does no damage.
You feel drained.
You barely miss Maggie.
Maggie is severely wounded.
You closely miss Maggie.
Maggie is severely wounded.
Maggie hits you with a +2 long sword of draining.
You feel drained.
You closely miss Maggie.
Maggie is severely wounded.
Maggie hits you but does no damage.
You feel drained.
You hit Maggie but do no damage.
Maggie is severely wounded.
Maggie gestures at you while chanting. The bolt of fire hits you!
* * * LOW HITPOINT WARNING * * *
You closely miss Maggie.
Maggie is severely wounded.
Maggie hits you with a +2 long sword of draining!
* * * LOW HITPOINT WARNING * * *
You feel drained.
You die...

. #. .## ..⌠ ... #.#
########## #.. ...
#......... #.###.###
#..........##.#[...:#
#.............#@....#.
###......... ##.@..[...#
..'.<.......##..#.....#.
###.............#!..!$#
#........###..###.###
###........# #........
.##........# #.#####..#
.##........# #.# ...
.########### #.# .#. .#
#.#


You could see Maggie.

Vanquished Creatures
  Sigmund (D:5)
  A steam dragon (D:5)
  Edmund (D:5)
  2 orc warriors
  4 centaurs
  2 phantoms
  A kobold brigand (D:6)
  A bullfrog (D:6)
  A wyvern zombie (D:7)
  A water moccasin zombie (D:3)
  A wyvern skeleton (D:7)
  A hound (D:5)
  Crazy Yiuf (D:2)
  A bullfrog zombie (D:6)
  A gnoll shaman (D:6)
  5 orc priests
  A centaur skeleton (D:7)
  A bullfrog skeleton (D:4)
  5 iguanas
  2 orc wizards
  2 hound skeletons (D:4)
  5 gnolls (D:6)
  8 adders
  2 howler monkey skeletons
  An ufetubus (D:6)
  2 adder skeletons
  5 worms
  2 dart slugs
  28 orcs
  6 ball pythons
  9 bats
  8 endoplasms
  2 giant cockroaches
  2 goblins
  3 hobgoblins
  13 kobolds
  5 quokkas
  A ball python skeleton (D:3)
  2 frilled lizards (D:2)
  7 rats
147 creatures vanquished.

Notes
Turn   | Place    | Note
-------+----------+-------------------------------------------
     0 | D:1      | Crownlay the Formicid Fighter began the quest for the Orb.
     0 | D:1      | Reached XP level 1. HP: 18/18 MP: 1/1
   275 | D:1      | Reached XP level 2. HP: 21/24 MP: 2/2
   632 | D:1      | Found a faded altar of an unknown god.
   813 | D:1      | Reached XP level 3. HP: 29/29 MP: 3/3
  1776 | D:2      | Found a basalt altar of Yredelemnul.
  1847 | D:2      | You fall into a shaft and drop 1 floor!
  1882 | D:3      | Reached XP level 4. HP: 37/37 MP: 4/4
  2157 | D:2      | Found a runed translucent door.
  2158 | D:2      | Noticed Crazy Yiuf
  2169 | D:2      | Killed Crazy Yiuf
  2439 | D:3      | Reached XP level 5. HP: 42/42 MP: 5/5
  2981 | D:4      | Found a basalt altar of Yredelemnul.
  3159 | D:4      | Reached skill level 5 in Shields
  3159 | D:4      | Reached XP level 6. HP: 41/49 MP: 6/6
  3230 | D:4      | Noticed othur's ghost (novice GrFi)
  3231 | D:4      | Found a runed translucent door.
  3709 | D:4      | Reached skill level 5 in Axes
  3784 | D:4      | Reached XP level 7. HP: 55/55 MP: 7/7
  3892 | D:4      | Reached skill level 5 in Fighting
  4475 | D:5      | Entered Level 5 of the Dungeon
  4500 | D:5      | Found Perekiq's Antique Weapon Shoppe.
  4524 | D:5      | Noticed a steam dragon
  4532 | D:5      | Killed a steam dragon
  4702 | D:5      | Reached XP level 8. HP: 38/63 MP: 8/8
  5027 | D:5      | Found a staircase to the Ecumenical Temple.
  5036 | Temple   | Entered the Ecumenical Temple
  5042 | Temple   | Became a worshipper of Warmaster Okawaru
  5127 | D:5      | Noticed Edmund
  5137 | D:5      | Killed Edmund
  5193 | D:5      | Noticed Sigmund
  5201 | D:5      | Killed Sigmund
  5264 | D:5      | Reached * piety under Okawaru
  6121 | D:6      | Reached XP level 9. HP: 55/71 MP: 9/9
  7024 | D:6      | Found a hazy altar of Hepliaklqana.
  7449 | D:7      | Reached ** piety under Okawaru
  7635 | D:7      | Noticed Maggie
  7640 | D:7      | Reached skill level 1 in Invocations
  7655 | D:7      | Slain by Maggie

Illustrated notes

Levels and vault maps discovered:
D:1:      lemuel_arrival_rhombus, layout_basic,
          hellmonk_ecumenical_altar_pennies_from_heaven, minmay_small_reverse_x
D:2:      layout_loops_corners, basic_altar, minmay_pentomino_pile,
          uniq_crazy_yiuf_cottage
D:3:      layout_loops_ring, minmay_checkerbox
D:4:      minmay_octagon_keep, layout_basic,
          mainiacjoe_overflow_concentric_impassable, serial_corexii_hall,
          chequers_hall_statues_corner_a, chequers_hall_statues_corner_a,
          corexii_hall_statues_i, chequers_hall_statues_y,
          chequers_hall_statues_wall_a, corexii_hall_statues_deadend,
          hellmonk_ghost_happy_afterlife
D:5:      layout_cave_pools, minmay_temple_entry_junction, serial_shops,
          nicolae_shop_statue_plus, sigmund_edmund_badplayer
D:6:      layout_basic, mainiacjoe_overflow_paths, minmay_small_thing
D:7:      layout_basic, mainiacjoe_overflow_small_starburst, minmay_holes,
          minmay_chambers_of_fives, uniq_maggie
Temple:   eino_narrow_crystal_temple

Skill      XL: |  1  2  3  4  5  6  7  8  9 |
---------------+----------------------------+-----
Shields        | 4 5 6 7 8 |  8.1
Axes           | 3 4 5 6 7 8 |  8.8
Fighting       | 4 5 6 7 |  7.3
Invocations    | 1 |  1.0
Armour         | |  3.2

Action                   |  1- 3 |  4- 6 |  7- 9 || total
-------------------------+-------+-------+-------++-------
Melee: War axe           |   120 |   149 |   246 ||   515
Invok: Heroism           |       |       |     1 ||     1
 Abil: Dig               |       |       |     2 ||     2
  Use: Potion            |       |     1 |     1 ||     2
       Scroll            |       |     5 |     1 ||     6
Armor: Scale mail        |    70 |       |       ||    70
       Plate armour      |       |    77 |   157 ||   234
Dodge: Dodged            |    56 |    68 |   160 ||   284
Block: Kite shield       |     6 |       |       ||     6
